 Dungeon Crawl Stone Soup version 0.22-a0-441-gcf5b0c6 (webtiles) character file.

37 Sightblinder the Skirmisher (level 3, 19/29 HPs)
             Began as a Demonspawn Fighter on May 30, 2018.
             Quit the game on level 2 of the Dungeon.
             The game lasted 00:01:09 (908 turns).

Sightblinder the Skirmisher (Demonspawn Fighter)     Turns: 908, Time: 00:01:09

Health: 19/29      AC:  8    Str: 21    XL:     3   Next: 21%
Magic:  3/3        EV:  7    Int: 10    God:
Gold:   22         SH:  9    Dex: 12    Spells: 2/2 levels left

rFire    . . .     SeeInvis .   a - +0 war axe
rCold    . . .     Gourm    .   c - +0 shield
rNeg     . . .     Faith    .   b - +0 scale mail
rPois    .         Spirit   .   (no helmet)
rElec    .         Reflect  .   (no cloak)
rCorr    .         Harm     .   (no gloves)
MR       .....                  n - +0 pair of boots
Stlth    ..........             (no amulet)
HPRegen  0.09/turn              (no ring)
MPRegen  0.08/turn              (no ring)

@: mighty
A: claws 1, rugged brown scales 1
a: no special abilities


You were on level 2 of the Dungeon.
You were not hungry.

You visited 1 branch of the dungeon, and saw 2 of its levels.

You collected 22 gold pieces.

Inventory:

Hand Weapons
 a - a +0 war axe (weapon)
Armour
 b - a +0 scale mail (worn)
 c - a +0 shield (worn)
 m - a +0 plate armour
 n - a +0 pair of boots (worn)
Scrolls
 g - 4 scrolls of identify {unknown}
 i - 2 scrolls of random uselessness {unknown}
 j - a scroll of enchant armour {unknown}
 l - a scroll of immolation {unknown}
 o - 2 scrolls of blinking {unknown}
Potions
 e - a potion of heal wounds {unknown}
 h - a potion of curing {unknown}
 k - a potion of flight {unknown}
Comestibles
 f - 3 rations


   Skills:
 - Level 3.1 Fighting
 + Level 2.7 Axes
 - Level 2.9 Armour
 - Level 3.0 Shields


You had 2 spell levels left.
You didn't know any spells.
Your spell library was empty.

Dungeon Overview and Level Annotations

Branches:
Dungeon (2/15)

Altars:
Elyvilon


Innate Abilities, Weirdness & Mutations

You have sharp fingernails.
You are partially covered in rugged brown scales. (AC +1, +3% HP)


Message History

You miss the adder. The adder closely misses you. The adder barely misses you.
You barely miss the adder.
The adder bites you but does no damage. x2
You closely miss the adder. The adder bites you.
The adder completely misses you.
You hit the adder but do no damage. The adder bites you.
The adder barely misses you.
You closely miss the adder. You block the adder's attack.
The adder bites you but does no damage.
You closely miss the adder.
The adder bites you but does no damage. x2
You feel very mighty all of a sudden. You block the adder's attack.
You slash the adder!
You kill the adder!
You have reached level 3!
Your experience leads to an increase in your attributes!
Your base attributes are Str 16, Int 9, Dex 12.
Increase (S)trength, (I)ntelligence, or (D)exterity?
You feel clever.
Your demonic ancestry asserts itself...
Your fingernails lengthen.
Are you sure you want to abandon this character and quit the game? (Confirm with "yes".)

# . ..##.. #. .#
.......
#...#.#.........
#..#._.#........
#..#.#.........
#...#........##
#...†.......>..
#@)........
#.......#
#..?....##.
###..........
#............
######............
#.................
#........[......##
#........#.#....#


There were no monsters in sight!

Vanquished Creatures
  An adder (D:2)
  A worm (D:2)
  2 dart slugs
  3 bats (D:1)
  2 giant cockroaches
  4 hobgoblins
  2 kobolds (D:1)
  A quokka (D:2)
  A ball python (D:1)
  4 rats (D:1)
21 creatures vanquished.

Notes
Turn   | Place    | Note
-------+----------+-------------------------------------------
     0 | D:1      | Sightblinder the Demonspawn Fighter began the quest for the Orb.
     0 | D:1      | Reached XP level 1. HP: 18/18 MP: 1/1
   326 | D:1      | Gained mutation: You are partially covered in rugged brown scales. (AC +1, +3% HP) [demonic ancestry]
   326 | D:1      | Reached XP level 2. HP: 18/24 MP: 2/2
   808 | D:2      | Found a white marble altar of Elyvilon.
   895 | D:2      | Found a faded altar of an unknown god.
   907 | D:2      | Gained mutation: You have sharp fingernails. [demonic ancestry]
   907 | D:2      | Reached XP level 3. HP: 19/29 MP: 3/3
   908 | D:2      | Quit the game

Vault maps used:
D:1:      onia_arrival_larder
D:2:      grunt_temple_overflow_open, overflow_temple_1_default,
          nemelex_altar_shiori, chequers_ecumenical_altar_simple_redux,
          bloody_makhleb

Skill      XL: |  1  2 |
---------------+-------+-----
Shields        | 3 |  3.0
Axes           | 2 |  2.7
Fighting       | |  3.1
Armour         | |  2.9

Action                   || total
-------------------------++-------
Melee: War axe           ||    67
  Use: Potion            ||     1
Armor: Scale mail        ||    32
Dodge: Dodged            ||    18
Block: Shield            ||    31

Table legend:
 A = Spawn XP
 B = Non-spawn XP
 C = Spawn XP percentage of total XP
 D = Spawn monster count
 E = Non-spawn monster count
 F = Spawn count percentage of total count
 G = Total turns spent on level
                    A         B        C        D         E        F      G
               +---------+---------+-------+---------+---------+-------+---------
         Total |       0 |      53 |   0.0 |       0 |      21 |   0.0 |   908
               +---------+---------+-------+---------+---------+-------+---------
           D:1 |       0 |      22 |   0.0 |       0 |      14 |   0.0 |   744
           D:2 |       0 |      31 |   0.0 |       0 |       7 |   0.0 |   164
               +---------+---------+-------+---------+---------+-------+---------
